Map: Proxima Station LE

Players

HEMORRHOIDS - Winner!

  • Race: Protoss Protoss
  • League: Diamond
  • Spawn Location: 7:00

ArChon

  • Race: Protoss Protoss
  • League: Diamond
  • Spawn Location: 1:00

VOD

Have the link to the VOD?

Description

Time

  • Played on: March 19, 2017, 1:58 p.m.
  • Length: 9:28
Show
View Real Time Build Order
Export as new Build Order

HEMORRHOIDS Protoss - Winner!

Build Orders: Nexus First 

Get SALT Encoding   

  12  0:01  Probe (Chrono Boost)  
  13  0:11  Probe (Chrono Boost)  
  14  0:27  Pylon  
  14  0:29  Probe (Chrono Boost)  
  15  0:46  Probe (Chrono Boost)  
  16  0:56  Probe (Chrono Boost)  
  17  1:04  Nexus  
  17  1:14  Gateway  
  17  1:29  Pylon  
  17  1:32  Assimilator  
  17  1:35  Probe (Chrono Boost)  
  17  1:36  Assimilator  
  18  1:46  Pylon  
  18  1:50  Probe (Chrono Boost)  
  20  2:01  Probe (Chrono Boost)  
  20  2:09  Cybernetics Core  
  20  2:12  Probe (Chrono Boost)  
  21  2:19  Probe (Chrono Boost)  
  21  2:22  Probe (Chrono Boost)  
  23  2:29  Pylon  
  23  2:30  Assimilator, Probe (Chrono Boost)  
  24  2:40  Probe (Chrono Boost)  
  28  2:49  Mothership Core (Chrono Boost)  
  27  2:53  Probe (Chrono Boost)  
  27  2:56  Stargate  
  28  3:07  Probe (Chrono Boost)  
  29  3:17  Probe (Chrono Boost)  
  28  3:28  Probe (Chrono Boost)  
  28  3:33  Mothership Core (Chrono Boost)  
  31  3:34  Stargate  
  31  3:38  Probe (Chrono Boost)  
  31  3:40  Pylon  
  32  3:49  Probe (Chrono Boost)  
  33  3:56  Void Ray  
  33  3:59  Probe (Chrono Boost)  
  38  4:10  Pylon, Probe (Chrono Boost)  
  38  4:28  Void Ray  
  38  4:31  Probe (Chrono Boost)  
  43  4:37  Forge  
  43  4:39  Pylon  
  43  4:41  Probe (Chrono Boost)  
  44  4:57  Cybernetics Core  
  44  5:04  Cybernetics Core  
  31  5:16  Void Ray x2  
  35  5:26  Probe (Chrono Boost)  
  36  5:37  Probe (Chrono Boost)  
  37  5:48  Probe (Chrono Boost)  
  38  5:51  Pylon  
  38  5:58  Probe (Chrono Boost)  
  38  5:59  Void Ray  
  43  6:04  Probe (Chrono Boost)  
  43  6:06  Assimilator  
  43  6:09  Probe (Chrono Boost)  
  45  6:15  Probe (Chrono Boost)  
  45  6:16  Photon Cannon  
  46  6:19  Probe (Chrono Boost)  
  46  6:20  Pylon  
  48  6:25  Probe (Chrono Boost)  
  50  6:33  Probe (Chrono Boost)  
  50  6:36  Probe (Chrono Boost)  
  50  6:48  Void Ray  
  50  6:52  Probe (Chrono Boost)  
  50  6:53  Probe (Chrono Boost)  
  56  7:03  Void Ray, Probe x2 (Chrono Boost)  
  58  7:14  Probe (Chrono Boost)  
  58  7:15  Probe (Chrono Boost)  
  64  7:18  Photon Cannon  
  64  7:27  Probe (Chrono Boost)  
  65  7:36  Void Ray  
Show
View Real Time Build Order
Export as new Build Order

ArChon Protoss 

Build Orders: Oracle Opening 

Get SALT Encoding   

  12  0:01  Probe (Chrono Boost)  
  13  0:12  Probe (Chrono Boost)  
  14  0:17  Pylon  
  14  0:22  Probe (Chrono Boost)  
  15  0:36  Probe (Chrono Boost)  
  15  0:38  Gateway  
  16  0:46  Probe (Chrono Boost)  
  16  0:49  Assimilator  
  17  0:57  Probe (Chrono Boost)  
  17  0:59  Assimilator  
  18  1:09  Probe (Chrono Boost)  
  19  1:19  Gateway  
  19  1:25  Probe (Chrono Boost)  
  20  1:31  Cybernetics Core  
  20  1:35  Probe (Chrono Boost)  
  21  1:46  Probe (Chrono Boost)  
  22  1:53  Pylon  
  22  1:56  Probe (Chrono Boost)  
  23  2:09  Pylon  
  23  2:12  Warp Gate  
  23  2:14  Adept  
  25  2:16  Adept  
  25  2:20  Mothership Core (Chrono Boost)  
  29  2:29  Pylon  
  29  2:38  Probe (Chrono Boost)  
  30  2:44  Pylon  
  30  2:50  Probe (Chrono Boost)  
  31  2:53  Stargate  
  31  3:07  Probe (Chrono Boost)  
  32  3:16  Pylon  
  32  3:31  Probe (Chrono Boost)  
  33  3:39  Oracle  
  33  3:40  Pylon  
  33  3:46  Probe (Chrono Boost)  
  35  4:17  Gateway x2  
  35  4:19  Gateway  
  35  4:21  Stalker  
  37  4:24  Stalker  
  37  4:26  Probe (Chrono Boost)  
  40  4:31  Robotics Facility  
  40  4:43  Nexus  
  41  4:47  Probe (Chrono Boost)  
  39  4:55  Stalker  
  42  5:01  Probe (Chrono Boost)  
  42  5:12  Stalker  
  42  5:17  Probe (Chrono Boost)  
  43  5:22  Stalker  
  43  5:40  Stalker x2  
  40  5:53  Pylon  
  40  5:55  Pylon  
  40  5:56  Warp Prism  
  42  6:03  Pylon  
  42  6:04  Probe (Chrono Boost)  
  43  6:06  Probe (Chrono Boost)  
  44  6:12  Stalker  
  44  6:18  Stalker  
  48  6:23  Stalker  
  50  6:27  Stalker  
  52  6:35  Stalker  
  52  6:38  Stalker  
  56  6:48  Probe (Chrono Boost)  
  56  6:50  Probe (Chrono Boost)  
  56  6:52  Twilight Council  
  58  6:55  Pylon  
  58  6:59  Probe (Chrono Boost)  
  59  7:03  Probe (Chrono Boost)  
  60  7:09  Stalker x2  
  62  7:30  Stalker  
  62  7:31  Stalker x2  
  62  7:32  Probe x2 (Chrono Boost)  
  70  7:38  Stalker x2  
  70  7:43  Probe (Chrono Boost)  
  58  8:19  Stalker x5  
Tags
 
Add a new tag
Caveats
  • Supply blocks, unpowered buildings, or Contaminate may cause inaccurate times.
  • Supply counts are checked every 10 seconds.